AoeStats
← [KMNB] Bandeira

Lombardia

510091885Analyzed
2v2 RM · 3d ago on Sep 29, 2026· 32m 18s· 4 players
Game mode
Random Map
Map size
Medium (4 player)
Population
200
Speed
Normal
Resources
Standard
Victory
Conquest
Starting age
Dark Age
Ending age
Imperial Age
RankedLock teamsTeams togetherTeam positionsShared explorationLock speedFull tech treeHidden civsTurbo modeCheats
Victory
Defeat
🇧🇷 Varangians · Brazil
1554
+10
🇧🇷 Italians · Brazil
1472
+13
🇦🇺 Hindustanis · Australia
1437
-12
🇦🇺 Huns · Australia
1406
-11
Dissident Aggressor
2:05 Loom
10:09 Feudal Age
18:31 Forging
19:49 Scale Barding Armor
20:42 Horse Collar
22:06 Bloodlines
25:20 Double-Bit Axe
30:07 Wheelbarrow
31:35 Castle Age
Guesty
1:21 Loom
5:15 Loom
9:33 Feudal Age
10:20 Double-Bit Axe
10:25 Horse Collar
16:47 Forging
19:51 Scale Barding Armor
21:54 Bloodlines
26:56 Castle Age
25:13 Gold Mining
27:12 Light Cavalry
29:46 Chain Barding Armor
30:14 Husbandry
31:03 Iron Casting
[KMNB] Bandeira
6:49 Loom
9:39 Feudal Age
10:10 Double-Bit Axe
12:17 Horse Collar
17:03 Forging
17:31 Bloodlines
20:59 Scale Barding Armor
26:19 Castle Age
24:59 Gold Mining
28:15 Bow Saw
28:28 Husbandry
29:13 Chain Barding Armor
30:52 Wheelbarrow
31:50 Iron Casting
[KMNB] Dedão
6:24 Loom
9:10 Feudal Age
10:02 Double-Bit Axe
13:47 Fletching
15:48 Padded Archer Armor
16:00 Horse Collar
19:27 Wheelbarrow
21:54 Castle Age
20:36 Gold Mining
22:17 Crossbowman
22:55 Bodkin Arrow
24:26 Bow Saw
25:02 Heavy Plow
26:07 Leather Archer Armor
28:07 Hand Cart
29:10 Ballistics
29:20 Thumb Ring
30:55 Stone Mining
Connection lost

Rejoining the realm…

Still unreachable

The connection could not be restored.

Session expired

The server has moved on; the page needs a fresh start.